Map: Emerald City LE

Players

Throwfordays - Winner!

  • Race: Protoss Protoss
  • Spawn Location: 11:00

Faust - Winner!

  • Race: Zerg Zerg
  • League: Platinum
  • Spawn Location: 11:00

imnotgrabbin

  • Race: Terran Terran
  • League: Master
  • Spawn Location: 5:00

jaytee

  • Race: Terran Terran
  • League: Gold
  • Spawn Location: 5:00

VOD

Have the link to the VOD?

Description

Time

  • Played on: Feb. 23, 2021, 5:39 p.m.
  • Length: 10:22
Show
View Real Time Build Order
Export as new Build Order

Throwfordays Protoss - Winner!

Build Orders:  

Get SALT Encoding   

  12  0:00  Probe  
  13  0:13  Pylon  
  13  0:18  Probe  
  14  0:31  Forge  
  14  0:35  Probe  
  15  0:53  Probe (Chrono Boost)  
  16  0:58  Pylon  
  16  1:03  Probe (Chrono Boost)  
  17  1:12  Pylon  
  16  1:20  Probe  
  16  1:21  Gateway  
  17  1:30  Assimilator  
  17  1:32  Probe  
  18  1:44  Probe  
  19  1:52  Assimilator  
  19  1:57  Probe (Chrono Boost)  
  20  2:07  Probe (Chrono Boost)  
  21  2:12  Probe (Chrono Boost)  
  21  2:13  Pylon  
  22  2:20  Cybernetics Core  
  22  2:24  Probe (Chrono Boost)  
  23  2:35  Probe (Chrono Boost)  
  24  2:38  Nexus  
  24  2:39  Zealot  
  26  2:53  Pylon  
  26  3:02  Stargate  
  26  3:26  Pylon  
  26  3:39  Protoss Air Weapons Level 1 (Chrono Boost), Void Ray (Chrono Boost)  
  30  3:50  Assimilator  
  30  3:52  Probe  
  31  3:55  Assimilator  
  31  4:05  Probe  
  32  4:10  Void Ray (Chrono Boost)  
  37  4:17  Probe  
  37  4:21  Probe  
  38  4:29  Probe  
  38  4:30  Stargate  
  39  4:33  Probe  
  40  4:45  Probe  
  41  4:48  Void Ray  
  41  4:58  Probe (Chrono Boost)  
  45  5:08  Probe (Chrono Boost)  
  45  5:09  Void Ray  
  45  5:12  Probe (Chrono Boost)  
  45  5:13  Probe (Chrono Boost)  
  51  5:22  Probe  
  51  5:24  Probe  
  53  5:34  Nexus, Probe  
  54  5:35  Void Ray  
  54  5:36  Probe  
  59  5:46  Probe  
  59  5:48  Pylon  
  60  5:58  Probe  
  61  6:34  Void Ray x2  
  69  6:51  Probe  
  69  6:54  Pylon  
  70  6:57  Assimilator  
  70  7:01  Assimilator  
  70  7:03  Probe  
  71  7:14  Void Ray x2  
  71  7:15  Stargate, Probe  
  72  7:16  Shield Battery  
  72  7:19  Shield Battery  
  72  7:20  Shield Battery  
  80  7:24  Shield Battery  
  80  7:27  Probe  
  81  7:30  Protoss Shields Level 1 (Chrono Boost)  
  81  7:37  Protoss Air Armor Level 1  
  81  7:39  Probe  
  82  7:53  Stargate  
  82  7:55  Pylon  
  82  7:56  Pylon  
  82  7:58  Probe (Chrono Boost)  
  84  7:59  Probe (Chrono Boost)  
  84  8:00  Void Ray x2  
  84  8:07  Void Ray  
  84  8:08  Probe (Chrono Boost)  
  84  8:09  Pylon  
  84  8:11  Pylon  
  93  8:13  Probe x2 (Chrono Boost)  
  99  8:24  Probe  
  99  8:25  Probe  
  101  8:37  Probe  
  102  8:49  Probe  
  103  9:18  Void Ray  
  103  9:19  Void Ray x3  
Show
View Real Time Build Order
Export as new Build Order

Faust Zerg - Winner!

Build Orders: Hatch First, Muta Ling Bane 

Get SALT Encoding   

  12  0:00  Drone  
  13  0:10  Drone  
  14  0:17  Extractor  
  14  0:18  Drone  
  14  0:23  Extractor, Drone  
  14  0:28  Overlord  
  16  0:47  Drone x2  
  18  0:58  Hatchery  
  17  1:14  Spawning Pool  
  17  1:16  Drone  
  17  1:18  Drone  
  18  1:22  Drone  
  19  1:44  Hatchery  
  18  1:48  Drone  
  18  1:51  Overlord  
  19  2:02  Queen  
  19  2:05  Drone  
  22  2:13  Queen  
  24  2:21  Drone x2  
  26  2:26  Zergling x2  
  26  2:28  Drone  
  28  2:38  Drone x2  
  28  2:39  Drone  
  28  2:43  Overlord  
  31  2:46  Overlord  
  31  2:54  Drone x2  
  33  2:58  Queen  
  33  3:01  Overlord  
  35  3:16  Drone x4  
  39  3:20  Extractor  
  39  3:23  Extractor  
  39  3:25  Extractor x2  
  35  3:29  Drone x2  
  35  3:30  Drone x4  
  35  3:31  Drone x2  
  35  3:34  Drone  
  44  3:44  Drone x3  
  44  3:46  Drone  
  48  3:52  Drone x2  
  50  4:07  Overlord  
  50  4:08  Metabolic Boost  
  50  4:18  Drone  
  50  4:21  Drone x10  
  61  4:33  Drone, Baneling Nest  
  61  4:35  Lair  
  61  4:41  Zergling x2  
  61  4:42  Zergling x12  
  67  4:46  Spine Crawler  
  67  4:52  Zergling x10  
  61  5:17  Zergling x2  
  61  5:18  Zergling x24  
  73  5:25  Overlord x2  
  73  5:34  Overlord x2  
  73  5:35  Overlord  
  73  5:37  Spire  
  72  5:42  Queen  
  72  5:43  Drone x2  
  72  5:46  Overlord x2  
  73  6:04  Baneling x3  
  73  6:06  Baneling x2  
  57  6:23  Zergling x2  
  57  6:24  Zergling x22  
  69  6:33  Zergling x6  
  69  6:37  Zergling x2  
  73  6:41  Centrifical Hooks  
  73  6:45  Drone  
  73  6:46  Queen, Drone x4  
  78  7:02  Drone  
  78  7:03  Drone x4  
  78  7:07  Extractor  
  82  7:08  Extractor  
  82  7:11  Mutalisk x8  
  82  7:15  Mutalisk  
  97  7:19  Hatchery  
  98  7:27  Drone x3  
  101  7:31  Overlord  
  101  7:36  Baneling x2  
  101  7:37  Baneling x3, Mutalisk x2  
  105  7:50  Pneumatized Carapace  
  74  8:27  Drone x11  
  75  8:28  Queen  
  87  8:35  Evolution Chamber  
  87  8:37  Drone x2, Evolution Chamber  
  87  8:38  Infestation Pit  
  86  8:44  Drone, Overlord  
  86  8:45  Drone  
  86  8:47  Drone  
  89  8:53  Queen  
  89  8:54  Drone  
  89  8:55  Drone x4  
  96  9:06  Mutalisk x7  
  110  9:42  Zergling x14  
  110  9:43  Zergling x10  
  113  10:18  Extractor  
  113  10:19  Extractor  
Show
View Real Time Build Order
Export as new Build Order

imnotgrabbin Terran 

Build Orders: 2 Factory 

Get SALT Encoding   

  12  0:01  SCV  
  13  0:15  Supply Depot  
  13  0:23  SCV  
  14  0:35  SCV  
  15  0:37  Barracks  
  15  0:43  Refinery  
  15  0:48  SCV  
  16  1:23  SCV  
  17  1:35  SCV  
  18  1:47  SCV  
  19  1:59  Factory  
  19  2:05  Refinery  
  19  2:24  SCV  
  20  2:34  Barracks Tech Lab  
  20  2:36  SCV  
  21  2:38  Command Center  
  21  2:48  SCV  
  22  2:58  Factory  
  22  3:00  SCV  
  22  3:05  Supply Depot  
  23  3:12  SCV  
  27  3:27  SCV, Siege Tank  
  27  3:37  Supply Depot  
  27  3:39  SCV  
  27  3:40  Barracks Reactor  
  28  3:45  Refinery  
  28  3:51  SCV x2  
  30  4:00  Factory Tech Lab  
  30  4:05  SCV x2  
  32  4:11  Refinery  
  32  4:18  SCV x2  
  32  4:21  Siege Tank  
  32  4:22  Siege Tank  
  40  4:27  Marine x2  
  43  4:35  Supply Depot  
  43  4:37  Orbital Command  
  42  4:59  Supply Depot  
  42  5:00  Supply Depot  
  42  5:01  Supply Depot  
  42  5:08  SCV  
  42  5:09  SCV  
  44  5:21  SCV x2  
  46  5:23  Supply Depot  
  46  5:25  Siege Tank  
  46  5:27  Marine x2  
  51  5:34  SCV  
  51  5:35  SCV  
  53  5:46  SCV  
  53  5:47  SCV, Siege Tank  
  53  5:49  Marine  
  59  5:50  Marine  
  60  5:59  SCV  
  61  6:20  Marine x2  
  62  6:27  Engineering Bay  
  62  6:28  SCV  
  60  6:38  Marine x2  
  62  6:40  SCV  
  63  6:48  Command Center  
  63  6:52  SCV  
  64  6:55  Missile Turret  
  64  6:56  Marine x2  
  66  7:04  SCV  
  67  7:14  Marine x2  
  69  7:16  SCV  
  70  7:32  Missile Turret  
  70  7:35  SCV  
  71  7:46  Armory  
  71  7:47  SCV  
  72  7:53  Missile Turret  
  72  7:55  Missile Turret  
  72  7:56  Marine x2  
  74  8:14  Marine x2  
  74  8:16  SCV  
  74  8:32  Marine x2  
  55  8:44  Missile Turret  
  52  8:49  Marine x2  
  52  8:54  Missile Turret  
  52  8:55  Missile Turret  
  51  8:56  Missile Turret  
  51  8:57  Missile Turret x3  
  51  8:58  Missile Turret x3  
  51  9:01  Missile Turret  
  44  9:07  Marine x2  
  34  9:23  Thor  
  34  9:24  Thor  
  43  9:25  Marine x2  
  43  9:26  SCV  
  44  9:38  SCV  
  44  9:43  Marine x2  
  47  9:50  SCV  
  43  10:01  Marine x2  
  43  10:02  SCV  
Show
View Real Time Build Order
Export as new Build Order

jaytee Terran 

Build Orders:  

Get SALT Encoding   

  12  0:01  SCV  
  13  0:13  SCV  
  14  0:20  Supply Depot  
  14  0:25  SCV  
  15  0:42  SCV, Barracks  
  16  0:48  Refinery  
  16  0:54  SCV  
  17  1:06  SCV  
  18  1:19  SCV  
  19  1:31  SCV  
  20  1:33  Marine  
  21  1:45  Orbital Command, Barracks  
  21  1:53  Refinery  
  21  1:54  Reaper  
  22  2:11  SCV  
  23  2:23  Factory  
  23  2:39  Barracks Reactor  
  23  2:45  Supply Depot  
  23  2:46  Barracks Reactor  
  23  2:52  Command Center  
  23  3:00  Supply Depot  
  23  3:06  Factory Reactor  
  23  3:07  SCV  
  24  3:22  SCV  
  24  3:25  Reaper x2  
  24  3:27  Reaper  
  28  3:31  Reaper  
  29  3:36  Supply Depot  
  29  3:44  Hellion x2  
  33  3:48  Supply Depot  
  33  3:54  Starport  
  33  4:02  SCV  
  34  4:12  Orbital Command  
  34  4:21  SCV  
  35  4:24  Marine x3  
  35  4:25  Marine  
  35  4:26  Factory Tech Lab  
  39  4:34  Medivac  
  41  4:42  SCV x2  
  41  4:43  Marine  
  38  5:16  Marine x2  
  38  5:17  Marine x2  
  38  5:20  Orbital Command  
  42  5:21  Siege Tank  
  42  5:22  Medivac  
  47  5:34  Marine  
  48  5:40  Marine x3  
  51  5:43  Supply Depot  
  51  5:46  SCV x2  
  53  5:52  Medivac  
  53  5:53  Siege Tank  
  52  6:08  Marine, SCV x2  
  52  6:09  Marine x3  
  58  6:26  Marine x2  
  59  6:48  Marine x3, SCV x2  
  59  6:49  Marine  
  63  6:55  Command Center  
  63  6:58  Engineering Bay  
  63  6:59  Command Center  
  63  7:00  Engineering Bay  
  63  7:02  Barracks x2  
  63  7:03  Barracks  
  63  7:06  Marine  
  64  7:26  Siege Tank  
  64  7:29  Starport Reactor  
  67  7:34  Terran Infantry Armor Level 1  
  67  7:35  Terran Infantry Weapons Level 1  
  67  7:36  SCV x2, Barracks  
  69  7:43  Marine x3  
  69  7:44  Marine  
  61  8:11  Marine x4  
  61  8:13  Siege Tank  
  61  8:14  Medivac x2  
  63  8:20  Barracks Reactor  
  63  8:21  Barracks Reactor  
  63  8:26  Barracks Tech Lab  
  57  8:28  Barracks Tech Lab  
  57  8:30  Orbital Command  
  57  8:31  Marine x4  
  59  8:48  Marine x3  
  60  8:49  Marine x2  
  60  8:55  Marine x2  
  64  8:56  Marine x2  
  68  9:06  Marine  
  59  9:12  Marine x2  
  59  9:13  Marine x2  
  51  9:19  Marine x3  
  43  9:36  Marine x4  
  43  9:37  Marine  
Tags
 
Add a new tag
Caveats
  • Supply blocks, unpowered buildings, or Contaminate may cause inaccurate times.
  • Supply counts are checked every 10 seconds.